Panthers vs Predators

Created - April-07-13 at 11:19

Goals
1 2 3 T
Panthers 0 1 0 1
Predators 1 1 1 3
Shots
1 2 3 T
Panthers 9 9 7 25
Predators 5 16 15 36

1st period

1. Predators , T.J. Oshie 21 (Shea Weber, Mikhail Grabovski) at 14:28

Penalties :
John-Michael Liles (FLA) for Roughing (Minor) at 2:21, Colin Greening (FLA) for Tripping (Minor) at 5:23

2nd period

2. Panthers , Pierre-Alexandr Parenteau 19 (Brooks Orpik, Niklas Kronwall) at 0:33
3. Predators , Shea Weber 16 (T.J. Oshie, Josh Harding) at 10:16 (PP)

Penalties :
Kyle Quincey (FLA) for Interference (Minor) at 9:36, Dainius Zubrus (FLA) for Interference (Minor) at 11:17, Pierre-Alexandr Parenteau (FLA) for Hooking (Minor) at 13:41, Deryk Engelland (NSH) for Tripping (Minor) at 16:58, Andy Greene (FLA) for Hooking (Minor) at 19:51

3rd period

4. Predators , T.J. Oshie 22 (Mikhail Grabovski) at 5:07

Penalties :
Brooks Orpik (FLA) for Roughing (Minor) at 5:36, Brandon Prust (NSH) for Roughing (Minor) at 8:26, Pierre-Alexandr Parenteau (FLA) for Slashing (Minor) at 12:50, David Jones (FLA) for Hooking (Minor) at 19:55

Goalie Stats

Semyon Varlamov (FLA), 33 saves from 36 shots - (0.917), L, 20-26-1, 60:00 minutes
Josh Harding (NSH), 24 saves from 25 shots - (0.960), W, 1-0-1, 60:00 minutes

Players Stats for Panthers

Player Name              G  A  P  +/- PIM S  H  SB GA TA FO     MP     PP MP  PK MP  
------------------------------------------------------------------------------------
Ales Hemsky              0  0  0  -1  0   0  0  0  0  0  0/0    13:53   2:28   0:00 
Andy Greene              0  0  0  -1  2   1  2  0  0  0  0/0    12:56   0:00   0:45 
Antoine Vermette         0  0  0  -1  0   1  1  0  0  0  15/23  17:49   0:00   8:10 
Brooks Orpik             0  1  1   0  2   0  5  0  0  0  0/0    22:58   0:00   7:08 
Carl Hagelin             0  0  0   1  0   1  0  0  0  0  0/1    14:43   1:30   0:00 
Colin Greening           0  0  0   0  2   0  2  0  0  0  0/0     7:07   0:00   0:00 
Dainius Zubrus           0  0  0  -1  2   6  2  0  0  0  11/26  19:01   1:30   6:07 
David Booth              0  0  0   0  0   2  1  0  0  0  1/1     7:43   0:25   0:10 
David Jones              0  0  0  -1  2   1  0  0  0  0  0/1     9:38   0:00   0:00 
Drew Stafford            0  0  0  -1  0   6  0  0  0  0  1/1    12:07   2:28   0:00 
John-Michael Liles       0  0  0   0  2   0  0  0  0  0  0/0    13:04   2:28   0:00 
Kyle Quincey             0  0  0  -1  2   0  4  2  0  0  0/0    24:08   2:28   6:44 
Niklas Kronwall          0  1  1   0  0   2  1  2  0  0  0/0    24:27   1:30   7:53 
Pierre-Alexandr Parentea 1  0  1   1  4   2  2  0  0  0  2/2    14:41   1:30   0:00 
Sam Gagner               0  0  0   1  0   2  0  0  0  0  5/17   15:36   2:03   0:20 
Sheldon Souray           0  0  0   0  0   1  0  2  0  0  0/0    22:23   1:30   6:44 
Tom Pyatt                0  0  0   0  0   0  0  0  0  0  5/10   14:17   0:00   7:09 
Viktor Stalberg          0  0  0  -1  0   0  2  1  0  0  0/2    18:43   0:00   7:18 

Players Stats for Predators

Player Name              G  A  P  +/- PIM S  H  SB GA TA FO     MP     PP MP  PK MP  
------------------------------------------------------------------------------------
Brandon Prust            0  0  0   0  2   2  2  0  0  0  1/1    14:48   0:00   0:34 
Braydon Coburn           0  0  0   1  0   1  2  1  0  0  0/0    22:34   6:53   2:00 
Deryk Engelland          0  0  0   0  2   0  3  0  0  0  0/0     5:59   0:00   1:08 
Jeff Petry               0  0  0   0  0   1  2  1  0  0  0/0    20:59   7:44   1:27 
Marian Gaborik           0  0  0   0  0   3  0  0  0  0  0/0    20:21   8:04   0:00 
Max Pacioretty           0  0  0   0  0   5  1  0  0  0  1/2    22:27   6:33   0:45 
Mikhail Grabovski        0  2  2   1  0   1  0  0  0  0  15/28  18:48   6:33   0:14 
Nicklas Backstrom        0  0  0   0  0   5  2  0  0  0  10/26  20:21   8:04   0:00 
Patric Hornqvist         0  0  0   0  0   1  0  0  0  0  1/1     3:22   0:00   0:30 
Paul Gaustad             0  0  0   0  0   1  1  0  0  0  0/3     4:54   0:00   2:02 
Roman Polak              0  0  0   0  0   0  2  0  0  0  0/0    13:04   0:00   2:00 
Rostislav Klesla         0  0  0   0  0   1  3  0  0  0  0/0    18:47   6:53   0:06 
Sean Couturier           0  0  0   0  0   0  0  0  0  0  15/22  15:57   0:00   1:42 
Shea Weber               1  1  2   1  0   6  1  0  0  0  0/0    21:25   7:44   0:00 
Steven Stamkos           0  0  0   1  0   2  2  0  0  0  1/1    20:05   8:04   0:00 
T.J. Oshie               2  1  3   1  0   7  3  1  0  0  0/0    20:43   6:33   2:09 
Wayne Simmonds           0  0  0   0  0   0  2  0  0  0  0/0    14:15   0:00   0:00 
Zbynek Michalek          0  0  0   0  0   0  0  1  0  0  0/0    17:11   0:00   1:15 

3 Stars

1 - T.J. Oshie (NSH)
2 - Shea Weber (NSH)
3 - Josh Harding (NSH)

Power Play

Panthers - 0 on 2 Attempt(s) - 0.00%
Predators - 1 on 9 Attempt(s) - 11.11%

Penalty Kill

Panthers - 8 on 9 Attempt(s) - 88.89% - Score 0 goal in Penalty Kill
Predators - 2 on 2 Attempt(s) - 100.00% - Score 0 goal in Penalty Kill

Official

Referees : Dan O'Halloran and Graham Skiliter
Linesman : Derek Amell and Tony Sericolo

Game Notes

No Game Note

Finance

Level 1 -- Attendance: 6500 (100.00%) -- Ticket Income $650,000
Level 2 -- Attendance: 5000 (100.00%) -- Ticket Income $375,000
Level 3 -- Attendance: 3426 (97.89%) -- Ticket Income $188,430
Level 4 -- Attendance: 1113 (100.00%) -- Ticket Income $50,085
Luxury Box -- Attendance: 973 (97.30%) -- Ticket Income $165,410
Game was played at the Bridgestone Arena
Total Attendance: 17012 (99.41%)
Total Ticket Income: $1,428,925
Other Income: $214,339
Total Income: $1,643,264


% Time on Ice - Panthers

Lines # - Real PCT - Wanted PCT - Time Play
Normal Forward
1 - 32% - 32% - 13:13
2 - 28% - 30% - 11:25
3 - 23% - 25% - 9:39
4 - 17% - 13% - 7:08
Normal Defense
1 - 36% - 34% - 15:04
2 - 34% - 33% - 14:09
3 - 28% - 24% - 11:24
4 - 2% - 9% - 0:48
PP Forward
1 - 38% - 55% - 1:30
2 - 62% - 45% - 2:28
PP Defense
1 - 38% - 60% - 1:30
2 - 62% - 40% - 2:28
PK Forward
1 - 50% - 50% - 7:19
2 - 50% - 50% - 7:18
PK Defense
1 - 54% - 60% - 7:53
2 - 46% - 40% - 6:44
PK3 Forward
1 - 0% - 50%
2 - 0% - 50%
PK3 Defense
1 - 0% - 60%
2 - 0% - 40%
44 Forward
1 - 0% - 50%
2 - 0% - 50%
44 Defense
1 - 0% - 60%
2 - 0% - 40%
Last Minute Offensive  - 0:00
Last Minute Defensive  - 0:00
Total
Forward - 60:00
Defense - 60:00

% Time on Ice - Predators

Lines # - Real PCT - Wanted PCT - Time Play
Normal Forward
1 - 30% - 36% - 12:17
2 - 29% - 32% - 12:01
3 - 34% - 24% - 14:15
4 - 7% - 8% - 2:52
Normal Defense
1 - 33% - 35% - 13:41
2 - 28% - 32% - 11:48
3 - 27% - 25% - 11:04
4 - 12% - 8% - 4:52
PP Forward
1 - 55% - 54% - 8:04
2 - 45% - 46% - 6:33
PP Defense
1 - 53% - 57% - 7:44
2 - 47% - 43% - 6:53
PK Forward
1 - 57% - 54% - 2:16
2 - 43% - 46% - 1:42
PK Defense
1 - 50% - 51% - 2:00
2 - 50% - 49% - 1:58
PK3 Forward
1 - 0% - 52%
2 - 0% - 48%
PK3 Defense
1 - 0% - 52%
2 - 0% - 48%
44 Forward
1 - 0% - 56%
2 - 0% - 44%
44 Defense
1 - 0% - 53%
2 - 0% - 47%
Last Minute Offensive  - 0:00
Last Minute Defensive  - 0:00
Total
Forward - 60:00
Defense - 60:00

Play by Play

1st period


0:01 of 1st period - Nicklas Backstrom wins face-off versus Sam Gagner in neutral zone.
0:03 of 1st period - Off-side.
0:04 of 1st period - Mikhail Grabovski wins face-off versus Dainius Zubrus in neutral zone.
1:37 of 1st period - Shot by Nicklas Backstrom.
1:37 of 1st period - Deflect By Max Pacioretty.
1:37 of 1st period - Shot Misses the Net.
1:57 of 1st period - Shot by Sam Gagner.
1:57 of 1st period - Stopped by Josh Harding without a rebound.
1:58 of 1st period - Sean Couturier wins face-off versus Tom Pyatt in Predators zone.
1:58 of 1st period - Wayne Simmonds is hit by Colin Greening and loses puck.
2:11 of 1st period - Icing by Andy Greene.
2:12 of 1st period - Sean Couturier wins face-off versus Tom Pyatt in Panthers zone.
2:21 of 1st period - Minor Penalty to John-Michael Liles for Roughing.
2:22 of 1st period - Dainius Zubrus wins face-off versus Mikhail Grabovski in Panthers zone.
2:22 of 1st period - Dainius Zubrus is hit by T.J. Oshie.
2:47 of 1st period - Icing by Jeff Petry.
2:48 of 1st period - Mikhail Grabovski wins face-off versus Antoine Vermette in Predators zone.
2:52 of 1st period - T.J. Oshie is hit by Brooks Orpik and loses puck.
3:30 of 1st period - Kyle Quincey is hit by Steven Stamkos and loses puck.
4:49 of 1st period - Icing by Zbynek Michalek.
4:50 of 1st period - Sean Couturier wins face-off versus Tom Pyatt in Predators zone.
4:50 of 1st period - Sean Couturier is hit by David Booth.
5:07 of 1st period - Wayne Simmonds is hit by Kyle Quincey and loses puck.
5:23 of 1st period - Minor Penalty to Colin Greening for Tripping.
5:24 of 1st period - Antoine Vermette wins face-off versus Mikhail Grabovski in Panthers zone.
6:16 of 1st period - Off-side.
6:17 of 1st period - Tom Pyatt wins face-off versus Nicklas Backstrom in neutral zone.
6:53 of 1st period - Icing by Rostislav Klesla.
6:54 of 1st period - Dainius Zubrus wins face-off versus Nicklas Backstrom in Predators zone.
7:05 of 1st period - Shot by Dainius Zubrus.
7:05 of 1st period - Shot Misses the Net.
7:36 of 1st period - Icing by Pierre-Alexandr Parenteau.
7:37 of 1st period - Sam Gagner wins face-off versus Sean Couturier in Panthers zone.
8:08 of 1st period - Shot by Pierre-Alexandr Parenteau.
8:08 of 1st period - Stopped by Josh Harding without a rebound.
8:09 of 1st period - Patric Hornqvist wins face-off versus Dainius Zubrus in Predators zone.
8:09 of 1st period - Shea Weber is hit by Dainius Zubrus.
8:16 of 1st period - Icing by Niklas Kronwall.
8:17 of 1st period - Nicklas Backstrom wins face-off versus Dainius Zubrus in Panthers zone.
8:27 of 1st period - Marian Gaborik is hit by Brooks Orpik and loses puck.
8:33 of 1st period - Icing by Niklas Kronwall.
8:34 of 1st period - Mikhail Grabovski wins face-off versus Dainius Zubrus in Panthers zone.
8:51 of 1st period - Shot by Mikhail Grabovski.
8:51 of 1st period - Stopped by Semyon Varlamov with a rebound.
8:56 of 1st period - Steven Stamkos is hit by Brooks Orpik and loses puck.
9:06 of 1st period - T.J. Oshie is hit by Brooks Orpik and loses puck.
9:53 of 1st period - Shot by Marian Gaborik.
9:53 of 1st period - Shot Misses the Net.
9:55 of 1st period - Shot by Max Pacioretty.
9:55 of 1st period - Shot Misses the Net.
10:55 of 1st period - Shot by Drew Stafford.
10:55 of 1st period - Stopped by Josh Harding without a rebound.
10:56 of 1st period - Tom Pyatt wins face-off versus Mikhail Grabovski in Predators zone.
11:15 of 1st period - Shot by Colin Greening.
11:15 of 1st period - Shot Misses the Net.
11:33 of 1st period - Braydon Coburn is hit by Niklas Kronwall and loses puck.
12:12 of 1st period - Shot by Viktor Stalberg.
12:12 of 1st period - Deflect By Dainius Zubrus.
12:12 of 1st period - Stopped by Josh Harding with a rebound.
12:16 of 1st period - Shot by Ales Hemsky.
12:16 of 1st period - Shot Blocked by Zbynek Michalek.
12:18 of 1st period - Shot by Dainius Zubrus.
12:18 of 1st period - Stopped by Josh Harding without a rebound.
12:19 of 1st period - Antoine Vermette wins face-off versus Nicklas Backstrom in Predators zone.
12:22 of 1st period - Shot by Drew Stafford.
12:22 of 1st period - Shot Misses the Net.
12:30 of 1st period - Icing by David Jones.
12:31 of 1st period - Antoine Vermette wins face-off versus Sean Couturier in Panthers zone.
12:31 of 1st period - Kyle Quincey is hit by Brandon Prust and loses puck.
12:58 of 1st period - Shot by Sean Couturier.
12:58 of 1st period - Shot Misses the Net.
13:00 of 1st period - Shot by Zbynek Michalek.
13:00 of 1st period - Shot Blocked by Sheldon Souray.
13:02 of 1st period - Shot by Brandon Prust.
13:02 of 1st period - Stopped by Semyon Varlamov without a rebound.
13:03 of 1st period - Max Pacioretty wins face-off versus Sam Gagner in Panthers zone.
13:04 of 1st period - Shot by Nicklas Backstrom.
13:04 of 1st period - Shot Misses the Net.
13:18 of 1st period - Shot by Max Pacioretty.
13:18 of 1st period - Shot Misses the Net.
14:28 of 1st period - Shot by T.J. Oshie.
14:28 of 1st period - Goal by T.J. Oshie - Panthers : 0 - Predators : 1.
14:29 of 1st period - Antoine Vermette wins face-off versus Sean Couturier in neutral zone.
14:40 of 1st period - Shot by Antoine Vermette.
14:40 of 1st period - Deflect By Drew Stafford.
14:40 of 1st period - Stopped by Josh Harding without a rebound.
14:41 of 1st period - David Booth wins face-off versus Mikhail Grabovski in Predators zone.
15:00 of 1st period - Shot by David Booth.
15:00 of 1st period - Shot Misses the Net.
15:43 of 1st period - Shot by Max Pacioretty.
15:43 of 1st period - Stopped by Semyon Varlamov without a rebound.
15:44 of 1st period - Sean Couturier wins face-off versus Sam Gagner in Panthers zone.
16:22 of 1st period - Kyle Quincey is hit by Roman Polak and loses puck.
16:43 of 1st period - Shot by Antoine Vermette.
16:43 of 1st period - Deflect By David Jones.
16:43 of 1st period - Stopped by Josh Harding with a rebound.
16:45 of 1st period - Shot by David Jones.
16:45 of 1st period - Deflect By Drew Stafford.
16:45 of 1st period - Stopped by Josh Harding with a rebound.
18:20 of 1st period - Shot by Shea Weber.
18:20 of 1st period - Shot Misses the Net.
18:56 of 1st period - Shot by Carl Hagelin.
18:56 of 1st period - Shot Misses the Net.
19:10 of 1st period - Shot by Patric Hornqvist.
19:10 of 1st period - Stopped by Semyon Varlamov with a rebound.
19:29 of 1st period - Icing by Deryk Engelland.
19:30 of 1st period - Tom Pyatt wins face-off versus Paul Gaustad in Predators zone.
19:37 of 1st period - Shot by David Booth.
19:37 of 1st period - Stopped by Josh Harding without a rebound.
19:38 of 1st period - Antoine Vermette wins face-off versus Sean Couturier in Predators zone.
19:51 of 1st period - Brooks Orpik is hit by Wayne Simmonds and loses puck.

2nd period


0:01 of 2nd period - Dainius Zubrus wins face-off versus Max Pacioretty in neutral zone.
0:13 of 2nd period - Shot by Max Pacioretty.
0:13 of 2nd period - Stopped by Semyon Varlamov without a rebound.
0:14 of 2nd period - Mikhail Grabovski wins face-off versus Sam Gagner in Panthers zone.
0:20 of 2nd period - Brooks Orpik is hit by Rostislav Klesla and loses puck.
0:33 of 2nd period - Shot by Pierre-Alexandr Parenteau.
0:33 of 2nd period - Goal by Pierre-Alexandr Parenteau - Panthers : 1 - Predators : 1.
0:34 of 2nd period - Nicklas Backstrom wins face-off versus Dainius Zubrus in neutral zone.
0:45 of 2nd period - Shot by Max Pacioretty.
0:45 of 2nd period - Stopped by Semyon Varlamov without a rebound.
0:46 of 2nd period - Mikhail Grabovski wins face-off versus Antoine Vermette in Panthers zone.
0:52 of 2nd period - Icing by Drew Stafford.
0:53 of 2nd period - Antoine Vermette wins face-off versus Nicklas Backstrom in Panthers zone.
1:26 of 2nd period - Shot by David Jones.
1:26 of 2nd period - Shot Misses the Net.
1:28 of 2nd period - Shot by Andy Greene.
1:28 of 2nd period - Stopped by Josh Harding without a rebound.
1:29 of 2nd period - Dainius Zubrus wins face-off versus Mikhail Grabovski in Predators zone.
1:42 of 2nd period - Shot by Dainius Zubrus.
1:42 of 2nd period - Stopped by Josh Harding with a rebound.
1:57 of 2nd period - Steven Stamkos is hit by Kyle Quincey and loses puck.
2:05 of 2nd period - Off-side.
2:06 of 2nd period - Pierre-Alexandr Parenteau wins face-off versus Nicklas Backstrom in neutral zone.
2:47 of 2nd period - Shot by Nicklas Backstrom.
2:47 of 2nd period - Shot Misses the Net.
3:17 of 2nd period - Shot by Sean Couturier.
3:17 of 2nd period - Shot Misses the Net.
3:19 of 2nd period - Shot by Shea Weber.
3:19 of 2nd period - Shot Blocked by Niklas Kronwall.
3:32 of 2nd period - Icing by Brooks Orpik.
3:33 of 2nd period - Mikhail Grabovski wins face-off versus Sam Gagner in Panthers zone.
3:40 of 2nd period - Shot by Mikhail Grabovski.
3:40 of 2nd period - Shot Misses the Net.
3:42 of 2nd period - Shot by T.J. Oshie.
3:42 of 2nd period - Stopped by Semyon Varlamov with a rebound.
4:10 of 2nd period - Shot by Steven Stamkos.
4:10 of 2nd period - Deflect By Mikhail Grabovski.
4:10 of 2nd period - Shot Misses the Net.
4:12 of 2nd period - Shot by Jeff Petry.
4:12 of 2nd period - Stopped by Semyon Varlamov without a rebound.
4:13 of 2nd period - Dainius Zubrus wins face-off versus Nicklas Backstrom in Panthers zone.
4:26 of 2nd period - Shot by Dainius Zubrus.
4:26 of 2nd period - Stopped by Josh Harding without a rebound.
4:27 of 2nd period - Sean Couturier wins face-off versus Antoine Vermette in Predators zone.
4:31 of 2nd period - Icing by Wayne Simmonds.
4:32 of 2nd period - Brandon Prust wins face-off versus Viktor Stalberg in Predators zone.
5:36 of 2nd period - Shot by Max Pacioretty.
5:36 of 2nd period - Stopped by Semyon Varlamov with a rebound.
6:39 of 2nd period - Shot by Steven Stamkos.
6:39 of 2nd period - Stopped by Semyon Varlamov with a rebound.
6:41 of 2nd period - Shot by Steven Stamkos.
6:41 of 2nd period - Shot Misses the Net.
7:55 of 2nd period - Icing by Deryk Engelland.
7:56 of 2nd period - Sean Couturier wins face-off versus Sam Gagner in Predators zone.
8:31 of 2nd period - Shot by Carl Hagelin.
8:31 of 2nd period - Shot Misses the Net.
8:34 of 2nd period - Icing by Zbynek Michalek.
8:35 of 2nd period - Sean Couturier wins face-off versus Antoine Vermette in Predators zone.
8:50 of 2nd period - Icing by Zbynek Michalek.
8:51 of 2nd period - Sean Couturier wins face-off versus Dainius Zubrus in Predators zone.
8:51 of 2nd period - Zbynek Michalek is hit by Dainius Zubrus.
9:18 of 2nd period - Zbynek Michalek is hit by Kyle Quincey and loses puck.
9:36 of 2nd period - Minor Penalty to Kyle Quincey for Interference.
9:37 of 2nd period - Mikhail Grabovski wins face-off versus Dainius Zubrus in Panthers zone.
10:00 of 2nd period - Shot by Shea Weber.
10:00 of 2nd period - Stopped by Semyon Varlamov with a rebound.
10:16 of 2nd period - Shot by Shea Weber.
10:16 of 2nd period - Goal by Shea Weber - Panthers : 1 - Predators : 2.
10:17 of 2nd period - Sam Gagner wins face-off versus Nicklas Backstrom in neutral zone.
10:23 of 2nd period - Icing by Braydon Coburn.
10:24 of 2nd period - Antoine Vermette wins face-off versus Nicklas Backstrom in Predators zone.
10:28 of 2nd period - Drew Stafford is hit by Shea Weber and loses puck.
10:34 of 2nd period - Icing by Braydon Coburn.
10:35 of 2nd period - Nicklas Backstrom wins face-off versus Carl Hagelin in Predators zone.
10:56 of 2nd period - Shot by Carl Hagelin.
10:56 of 2nd period - Stopped by Josh Harding without a rebound.
10:57 of 2nd period - Dainius Zubrus wins face-off versus Mikhail Grabovski in Predators zone.
10:57 of 2nd period - Dainius Zubrus is hit by Jeff Petry.
11:09 of 2nd period - Mikhail Grabovski is hit by Viktor Stalberg and loses puck.
11:15 of 2nd period - Rostislav Klesla is hit by Viktor Stalberg and loses puck.
11:17 of 2nd period - Minor Penalty to Dainius Zubrus for Interference.
11:18 of 2nd period - Tom Pyatt wins face-off versus Nicklas Backstrom in Panthers zone.
11:48 of 2nd period - Shot by Marian Gaborik.
11:48 of 2nd period - Shot Misses the Net.
11:50 of 2nd period - Shot by Rostislav Klesla.
11:50 of 2nd period - Stopped by Semyon Varlamov with a rebound.
13:41 of 2nd period - Minor Penalty to Pierre-Alexandr Parenteau for Hooking.
13:42 of 2nd period - Mikhail Grabovski wins face-off versus Dainius Zubrus in Panthers zone.
13:49 of 2nd period - Shot by Shea Weber.
13:49 of 2nd period - Deflect By T.J. Oshie.
13:49 of 2nd period - Stopped by Semyon Varlamov with a rebound.
13:51 of 2nd period - Shot by Shea Weber.
13:51 of 2nd period - Stopped by Semyon Varlamov without a rebound.
13:52 of 2nd period - Nicklas Backstrom wins face-off versus Dainius Zubrus in Panthers zone.
14:09 of 2nd period - Shot by Nicklas Backstrom.
14:09 of 2nd period - Stopped by Semyon Varlamov without a rebound.
14:10 of 2nd period - Mikhail Grabovski wins face-off versus Antoine Vermette in Panthers zone.
14:11 of 2nd period - Shot by Braydon Coburn.
14:11 of 2nd period - Shot Misses the Net.
14:13 of 2nd period - Shot by Rostislav Klesla.
14:13 of 2nd period - Shot Misses the Net.
14:15 of 2nd period - Shot by T.J. Oshie.
14:15 of 2nd period - Stopped by Semyon Varlamov without a rebound.
14:16 of 2nd period - Mikhail Grabovski wins face-off versus Dainius Zubrus in Panthers zone.
14:41 of 2nd period - Shot by T.J. Oshie.
14:41 of 2nd period - Stopped by Semyon Varlamov without a rebound.
14:42 of 2nd period - Nicklas Backstrom wins face-off versus Antoine Vermette in Panthers zone.
15:57 of 2nd period - Shot by Sam Gagner.
15:57 of 2nd period - Stopped by Josh Harding without a rebound.
15:58 of 2nd period - Sean Couturier wins face-off versus Dainius Zubrus in Predators zone.
16:14 of 2nd period - Dainius Zubrus is hit by Deryk Engelland and loses puck.
16:20 of 2nd period - Viktor Stalberg is hit by Deryk Engelland and loses puck.
16:31 of 2nd period - Shot by Dainius Zubrus.
16:31 of 2nd period - Stopped by Josh Harding with a rebound.
16:54 of 2nd period - Sam Gagner is hit by Deryk Engelland and loses puck.
16:58 of 2nd period - Minor Penalty to Deryk Engelland for Tripping.
16:59 of 2nd period - Sam Gagner wins face-off versus Paul Gaustad in Predators zone.
17:31 of 2nd period - Shot by John-Michael Liles.
17:31 of 2nd period - Shot Blocked by T.J. Oshie.
18:16 of 2nd period - Shot by Niklas Kronwall.
18:16 of 2nd period - Stopped by Josh Harding without a rebound.
18:17 of 2nd period - Sam Gagner wins face-off versus Sean Couturier in Predators zone.
19:06 of 2nd period - Shot by Nicklas Backstrom.
19:06 of 2nd period - Stopped by Semyon Varlamov with a rebound.
19:08 of 2nd period - Shot by Marian Gaborik.
19:08 of 2nd period - Stopped by Semyon Varlamov without a rebound.
19:09 of 2nd period - Tom Pyatt wins face-off versus Nicklas Backstrom in Panthers zone.
19:33 of 2nd period - David Booth is hit by Nicklas Backstrom and loses puck.
19:40 of 2nd period - Shot by David Booth.
19:40 of 2nd period - Stopped by Josh Harding without a rebound.
19:41 of 2nd period - Antoine Vermette wins face-off versus Mikhail Grabovski in Predators zone.
19:51 of 2nd period - Minor Penalty to Andy Greene for Hooking.
19:52 of 2nd period - Antoine Vermette wins face-off versus Nicklas Backstrom in Panthers zone.

3rd period


0:01 of 3rd period - Steven Stamkos wins face-off versus Antoine Vermette in neutral zone.
0:06 of 3rd period - Shot by Marian Gaborik.
0:06 of 3rd period - Shot Misses the Net.
0:40 of 3rd period - Shot by Shea Weber.
0:40 of 3rd period - Shot Blocked by Sheldon Souray.
1:20 of 3rd period - Shot by Braydon Coburn.
1:20 of 3rd period - Stopped by Semyon Varlamov with a rebound.
1:51 of 3rd period - Icing by Shea Weber.
1:52 of 3rd period - Sean Couturier wins face-off versus Sam Gagner in Predators zone.
2:00 of 3rd period - Icing by Andy Greene.
2:01 of 3rd period - Sean Couturier wins face-off versus Sam Gagner in Panthers zone.
2:28 of 3rd period - Zbynek Michalek is hit by Andy Greene and loses puck.
3:35 of 3rd period - Icing by Sheldon Souray.
3:36 of 3rd period - Mikhail Grabovski wins face-off versus Tom Pyatt in Panthers zone.
3:39 of 3rd period - Shot by Steven Stamkos.
3:39 of 3rd period - Stopped by Semyon Varlamov without a rebound.
3:40 of 3rd period - Antoine Vermette wins face-off versus Mikhail Grabovski in Panthers zone.
4:08 of 3rd period - Antoine Vermette is hit by Rostislav Klesla and loses puck.
4:17 of 3rd period - Shot by Drew Stafford.
4:17 of 3rd period - Stopped by Josh Harding without a rebound.
4:18 of 3rd period - Nicklas Backstrom wins face-off versus Dainius Zubrus in Predators zone.
4:43 of 3rd period - Shot by Viktor Stalberg.
4:43 of 3rd period - Shot Misses the Net.
4:45 of 3rd period - Shot by Sheldon Souray.
4:45 of 3rd period - Stopped by Josh Harding with a rebound.
5:03 of 3rd period - Shot by Max Pacioretty.
5:03 of 3rd period - Stopped by Semyon Varlamov without a rebound.
5:04 of 3rd period - Mikhail Grabovski wins face-off versus Antoine Vermette in Panthers zone.
5:07 of 3rd period - Shot by T.J. Oshie.
5:07 of 3rd period - Goal by T.J. Oshie - Panthers : 1 - Predators : 3.
5:08 of 3rd period - Antoine Vermette wins face-off versus Mikhail Grabovski in neutral zone.
5:08 of 3rd period - Antoine Vermette is hit by T.J. Oshie.
5:17 of 3rd period - Icing by Rostislav Klesla.
5:18 of 3rd period - Pierre-Alexandr Parenteau wins face-off versus Mikhail Grabovski in Predators zone.
5:19 of 3rd period - Shot by Niklas Kronwall.
5:19 of 3rd period - Stopped by Josh Harding without a rebound.
5:20 of 3rd period - Antoine Vermette wins face-off versus Nicklas Backstrom in Predators zone.
5:36 of 3rd period - Minor Penalty to Brooks Orpik for Roughing.
5:37 of 3rd period - Mikhail Grabovski wins face-off versus Dainius Zubrus in Panthers zone.
5:52 of 3rd period - Viktor Stalberg is hit by T.J. Oshie and loses puck.
6:03 of 3rd period - Shot by Shea Weber.
6:03 of 3rd period - Stopped by Semyon Varlamov without a rebound.
6:04 of 3rd period - Nicklas Backstrom wins face-off versus Dainius Zubrus in Panthers zone.
6:19 of 3rd period - Steven Stamkos is hit by Kyle Quincey and loses puck.
6:30 of 3rd period - Shot by Steven Stamkos.
6:30 of 3rd period - Deflect By Marian Gaborik.
6:30 of 3rd period - Stopped by Semyon Varlamov without a rebound.
6:31 of 3rd period - Antoine Vermette wins face-off versus Mikhail Grabovski in Panthers zone.
6:44 of 3rd period - Shot by T.J. Oshie.
6:44 of 3rd period - Shot Blocked by Viktor Stalberg.
6:46 of 3rd period - Shot by Shea Weber.
6:46 of 3rd period - Stopped by Semyon Varlamov without a rebound.
6:47 of 3rd period - Dainius Zubrus wins face-off versus Nicklas Backstrom in Panthers zone.
6:47 of 3rd period - Dainius Zubrus is hit by Steven Stamkos.
7:14 of 3rd period - Shot by Marian Gaborik.
7:14 of 3rd period - Shot Misses the Net.
7:22 of 3rd period - Shot by Steven Stamkos.
7:22 of 3rd period - Shot Blocked by Kyle Quincey.
7:44 of 3rd period - Shot by Marian Gaborik.
7:44 of 3rd period - Stopped by Semyon Varlamov with a rebound.
8:20 of 3rd period - Pierre-Alexandr Parenteau is hit by Paul Gaustad and loses puck.
8:26 of 3rd period - Minor Penalty to Brandon Prust for Roughing.
8:27 of 3rd period - Sean Couturier wins face-off versus Sam Gagner in Predators zone.
8:40 of 3rd period - Shot by Kyle Quincey.
8:40 of 3rd period - Shot Misses the Net.
8:55 of 3rd period - Sam Gagner is hit by Braydon Coburn and loses puck.
10:23 of 3rd period - Drew Stafford is hit by Jeff Petry and loses puck.
10:46 of 3rd period - Shot by Tom Pyatt.
10:46 of 3rd period - Shot Misses the Net.
10:48 of 3rd period - Shot by Tom Pyatt.
10:48 of 3rd period - Deflect By Colin Greening.
10:48 of 3rd period - Shot Blocked by Braydon Coburn.
11:05 of 3rd period - Shea Weber is hit by Colin Greening and loses puck.
11:32 of 3rd period - Shot by Drew Stafford.
11:32 of 3rd period - Stopped by Josh Harding without a rebound.
11:33 of 3rd period - Dainius Zubrus wins face-off versus Nicklas Backstrom in Predators zone.
11:37 of 3rd period - Ales Hemsky is hit by Rostislav Klesla and loses puck.
11:46 of 3rd period - Shot by Dainius Zubrus.
11:46 of 3rd period - Stopped by Josh Harding without a rebound.
11:47 of 3rd period - Sean Couturier wins face-off versus Sam Gagner in Predators zone.
11:49 of 3rd period - Icing by Roman Polak.
11:50 of 3rd period - Dainius Zubrus wins face-off versus Sean Couturier in Predators zone.
12:04 of 3rd period - Sean Couturier is hit by Brooks Orpik.
12:27 of 3rd period - Shot by Brandon Prust.
12:27 of 3rd period - Deflect By Wayne Simmonds.
12:27 of 3rd period - Shot Misses the Net.
12:29 of 3rd period - Shot by Brandon Prust.
12:29 of 3rd period - Stopped by Semyon Varlamov without a rebound.
12:30 of 3rd period - Antoine Vermette wins face-off versus Nicklas Backstrom in Panthers zone.
12:35 of 3rd period - Antoine Vermette is hit by Max Pacioretty and loses puck.
12:42 of 3rd period - Shot by David Jones.
12:42 of 3rd period - Shot Blocked by Jeff Petry.
12:46 of 3rd period - Shot by Antoine Vermette.
12:46 of 3rd period - Deflect By Drew Stafford.
12:46 of 3rd period - Stopped by Josh Harding without a rebound.
12:47 of 3rd period - Mikhail Grabovski wins face-off versus Sam Gagner in Predators zone.
12:47 of 3rd period - Mikhail Grabovski is hit by Pierre-Alexandr Parenteau.
12:50 of 3rd period - Minor Penalty to Pierre-Alexandr Parenteau for Slashing.
12:51 of 3rd period - Dainius Zubrus wins face-off versus Nicklas Backstrom in Panthers zone.
12:51 of 3rd period - Brooks Orpik is hit by Nicklas Backstrom and loses puck.
13:10 of 3rd period - Shot by Nicklas Backstrom.
13:10 of 3rd period - Stopped by Semyon Varlamov without a rebound.
13:11 of 3rd period - Dainius Zubrus wins face-off versus Mikhail Grabovski in Panthers zone.
13:15 of 3rd period - Niklas Kronwall is hit by Braydon Coburn and loses puck.
13:45 of 3rd period - Rostislav Klesla is hit by Antoine Vermette and loses puck.
14:29 of 3rd period - Shot by Nicklas Backstrom.
14:29 of 3rd period - Stopped by Semyon Varlamov without a rebound.
14:30 of 3rd period - Nicklas Backstrom wins face-off versus Viktor Stalberg in Panthers zone.
14:43 of 3rd period - Shot by Shea Weber.
14:43 of 3rd period - Stopped by Semyon Varlamov with a rebound.
14:56 of 3rd period - Icing by John-Michael Liles.
14:57 of 3rd period - Sean Couturier wins face-off versus Sam Gagner in Panthers zone.
15:15 of 3rd period - John-Michael Liles is hit by Roman Polak and loses puck.
15:29 of 3rd period - Pierre-Alexandr Parenteau is hit by Brandon Prust and loses puck.
16:17 of 3rd period - Icing by Zbynek Michalek.
16:18 of 3rd period - Drew Stafford wins face-off versus Sean Couturier in Predators zone.
16:39 of 3rd period - Shot by Antoine Vermette.
16:39 of 3rd period - Stopped by Josh Harding without a rebound.
16:40 of 3rd period - Mikhail Grabovski wins face-off versus Tom Pyatt in Predators zone.
17:14 of 3rd period - Shot by Steven Stamkos.
17:14 of 3rd period - Deflect By T.J. Oshie.
17:14 of 3rd period - Shot Blocked by Kyle Quincey.
17:56 of 3rd period - Shot by Nicklas Backstrom.
17:56 of 3rd period - Stopped by Semyon Varlamov with a rebound.
17:58 of 3rd period - Shot by Nicklas Backstrom.
17:58 of 3rd period - Shot Blocked by Niklas Kronwall.
18:13 of 3rd period - Off-side.
18:14 of 3rd period - Antoine Vermette wins face-off versus Paul Gaustad in neutral zone.
18:22 of 3rd period - Zbynek Michalek is hit by Andy Greene and loses puck.
18:39 of 3rd period - Shot by Paul Gaustad.
18:39 of 3rd period - Stopped by Semyon Varlamov without a rebound.
18:40 of 3rd period - Sam Gagner wins face-off versus Mikhail Grabovski in Panthers zone.
19:04 of 3rd period - Shea Weber is hit by Pierre-Alexandr Parenteau and loses puck.
19:13 of 3rd period - Shot by T.J. Oshie.
19:13 of 3rd period - Stopped by Semyon Varlamov without a rebound.
19:14 of 3rd period - Sean Couturier wins face-off versus David Jones in Panthers zone.
19:23 of 3rd period - Shot by Antoine Vermette.
19:23 of 3rd period - Shot Misses the Net.
19:35 of 3rd period - Drew Stafford is hit by Wayne Simmonds and loses puck.
19:55 of 3rd period - Minor Penalty to David Jones for Hooking.
19:56 of 3rd period - Nicklas Backstrom wins face-off versus Dainius Zubrus in Panthers zone.


Output by the SimonT Hockey Simulator (STHS) for Stephane Roy -- Original Page W3C XHTML 1.0 Valid
Hockey Simulator - Hockey Simulation - Hockey Manager